 Dungeon Crawl Stone Soup version 0.29-a0-2-g12fcac58f8 (webtiles) character file.

Game seed: 4577133073421465606

30 sanka the Thrower (level 3, 0/28 HPs)
             Began as a Gnoll Wanderer on Jan 26, 2022.
             Slain by a worm (10 damage)
             ... on level 3 of the Dungeon.
             The game lasted 00:02:15 (1606 turns).

sanka the Thrower (Gnoll Wanderer)                  Turns: 1606, Time: 00:02:15

Health: 0/28       AC:  3    Str: 10    XL:     3   Next: 20%
Magic:  7/7        EV: 11    Int: 14    God:
Gold:   118        SH:  0    Dex: 11    Spells: 6/7 levels left

rFire   . . .      SeeInvis .   a - +2 dagger
rCold   . . .      Faith    .   (no shield)
rNeg    . . .      Spirit   .   e - +0 robe
rPois   +          Reflect  .   (no helmet)
rElec   .          Harm     .   (no cloak)
rCorr   .          Rampage  .   (no gloves)
Will    .....                   c - +0 pair of boots
Stlth   ++........              (no amulet)
HPRegen 0.09/turn               (no ring)
MPRegen 0.10/turn               m - ring of poison resistance

@: no status effects
A: fangs 1, strong nose, distributed training
a: no special abilities


You were on level 3 of the Dungeon.
You visited 1 branch of the dungeon, and saw 3 of its levels.

You collected 118 gold pieces.


Innate Abilities, Weirdness & Mutations

You have very sharp teeth.
Your uncanny sense of smell can sniff out nearby items.
Your experience applies equally to all skills.


   Skills:
 + Level 2.5 Fighting
 + Level 0.6 Short Blades
 + Level 0.6 Long Blades
 + Level 0.6 Axes
 + Level 0.6 Maces & Flails
 + Level 0.6 Polearms
 + Level 0.6 Staves
 + Level 0.6 Slings
 + Level 0.6 Bows
 + Level 0.6 Crossbows
 + Level 10.4 Throwing
 + Level 2.5 Armour
 + Level 0.6 Dodging
 + Level 2.3 Stealth
 + Level 0.6 Shields
 + Level 0.6 Unarmed Combat
 + Level 2.8 Spellcasting
 + Level 0.4 Conjurations
 + Level 0.4 Hexes
 + Level 0.4 Summonings
 + Level 0.4 Necromancy
 + Level 0.4 Translocations
 + Level 0.4 Transmutations
 + Level 0.4 Fire Magic
 + Level 0.4 Ice Magic
 + Level 0.4 Air Magic
 + Level 2.1 Earth Magic
 + Level 0.4 Poison Magic
 + Level 0.8 Invocations
 + Level 0.6 Evocations


You had 6 spell levels left.
You knew the following spells:

 Your Spells              Type           Power      Damage    Failure   Level
z - Sandblast             Erth           14%        2d6       10%         1

Your spell library contained the following spells:

 Spells                   Type           Power      Damage    Failure   Level
 Freeze                   Ice            12%        1d4       19%         1
 Corpse Rot               Necr/Air       6%         N/A       26%         2
 Ensorcelled Hibernation  Hex/Ice        6%         N/A       26%         2
 Stone Arrow              Conj/Erth      10%        3d7       36%         3
 Dazzling Flash           Conj/Hex       6%         N/A       47%         3
 Frozen Ramparts          Ice            6%         1d2       47%         3
 Spider Form              Tmut/Pois      3%         N/A       47%         3
 Anguish                  Hex/Necr       1%         N/A       87%         4
 Dispel Undead            Necr           3%         3d7       87%         4
 Hailstorm                Conj/Ice       3%         3d3       87%         4
 Iskenderun's Mystic Bla  Conj/Tloc      3%         2d3       87%         4
 Death Channel            Necr           1%         N/A       100%        6
 Starburst                Conj/Fire      1%         6d3       100%        6

Inventory:

Hand Weapons
 a - a +2 dagger (weapon)
Missiles
 b - 4 curare-tipped darts (quivered) {=f}
 d - 59 stones
 o - 6 poisoned darts
 p - 2 javelins
Armour
 c - a +0 pair of boots (worn)
 e - a +0 robe (worn)
Jewellery
 m - a ring of poison resistance (right hand)
Scrolls
 h - a scroll of teleportation {unknown}
 j - 4 scrolls of enchant armour {unknown}
 n - a scroll of noise {unknown}
Potions
 f - a potion of haste {unknown}
 g - 2 potions of might {unknown}
 i - 2 potions of magic {unknown}
 k - a potion of brilliance {unknown}
 l - a potion of curing {unknown}

Dungeon Overview and Level Annotations

Branches:
Dungeon (3/15)

Altars:

▒.▒ ▒▒▒▒▒▒▒.▒▒
.........▒▒▒▒▒▒▒▒
▒▒▒....▒........▒
▒..▒...▒.▒▒▒▒.▒
.▒▒.▒▒▒.▒▒▒.▒ ▒.▒
≈ ..........).▒
▒.▒ ≈≈≈
.▒▒.▒▒▒.▒▒[.▒
▒.▒▒▒.≈≈≈≈
.▒▒..▒▒.▒▒.▒▒
▒.gw..≈≈≈≈
....(...▒..▒
▒▒▒▒▒▒▒▒≈▒
.........▒.▒ ▒
.▒▒.▒▒▒▒▒▒.▒ ▒ ▒.
. ▒.▒ ▒.▒ .▒▒..
..▒ ▒.▒ .▒... ▒.▒
▒▒▒▒▒..... ▒.▒
▒.....▒... ▒.▒
▒▒▒▒▒▒▒.▒<...▒∆


You could see a worm.


Message History

You barely miss the worm. You bite the worm.
The worm is moderately wounded.
You barely miss the worm.
The worm is moderately wounded.
The worm bites you.
You hit the worm.
The worm is heavily wounded.
The worm bites you.
You hit the worm.
The worm is heavily wounded.
You hit the worm but do no damage.
The worm is heavily wounded.
The worm bites you.
* * * LOW HITPOINT WARNING * * *
You barely miss the worm.
The worm is heavily wounded.
You barely miss the worm.
The worm is heavily wounded.
The worm barely misses you.
You hit the worm.
The worm is heavily wounded.
You barely miss the worm.
The worm is heavily wounded.
The worm bites you.
* * * LOW HITPOINT WARNING * * *
You hit the worm.
The worm is severely wounded.
The worm bites you!
You die...

Action                   || total
-------------------------++-------
Melee: Dagger            ||    82
       Bite              ||    11
 Stab: Sleeping          ||     6
Armor: Robe              ||    18
Dodge: Dodged            ||    32

Levels and vault maps discovered:
D:1:      saegor_arrival_simple_a, layout_rooms,
          shapermc_ecumenical_altar_ellora
D:2:      layout_basic
D:3:      layout_loops_ring, serial_bayou_pond_e, grunt_decor_junction,
          chequers_serial_rivers_large_a

Notes
Turn   | Place    | Note
-------+----------+-------------------------------------------
     0 | D:1      | Reached skill level 10 in Throwing
     0 | D:1      | sanka the Gnoll Wanderer began the quest for the Orb.
     0 | D:1      | sanka set off with the following items: a +2 dagger, 4
                  | curare-tipped darts {=f}, a +0 pair of boots, 27 stones, a
                  | +0 robe; and the following spell memorised: Sandblast; and
                  | the following spells available to memorise: Stone Arrow
     0 | D:1      | Reached XP level 1. HP: 17/17 MP: 4/4
   142 | D:1      | Reached skill level 2 in Earth Magic
   242 | D:1      | Reached XP level 2. HP: 21/23 MP: 5/5
   527 | D:1      | Found a faded altar of an unknown god.
  1109 | D:3      | Reached XP level 3. HP: 15/28 MP: 7/7
  1606 | D:3      | Slain by a worm

Vanquished Creatures
  A worm (D:3)
  A dart slug (D:2)
  2 orcs (D:3)
  4 bats
  5 endoplasms
  A giant cockroach (D:2)
  A hobgoblin (D:1)
  A quokka (D:2)
  4 kobolds (D:1)
  3 rats
23 creatures vanquished.
